 Dungeon Crawl Stone Soup version 0.30.0-11-gf55b779eaf (webtiles) character file.

Game seed: 14821082022570721320

6424 Jackthecabe the Fighter (level 11, -9/84 HPs)
             Began as a Djinni Fire Elementalist on May 17, 2023.
             Was a Priest of Makhleb.
             Mangled by an orc warlord
             ... wielding a +4 broad axe
              (17 damage)
             ... in a bailey.
             The game lasted 00:20:07 (8637 turns).

Jackthecabe the Fighter (Djinni Fire Elementalist)  Turns: 8637, Time: 00:20:07

Health: -9/84      AC:  2    Str:  7    XL:     11   Next: 18%
Gold:   512        EV: 15    Int: 21    God:    Makhleb [***...] SH:  0 Dex: 14

rFire   + + .        v - staff of fire {!a}
rCold   . . .        (no shield)
rNeg    . . .        (no body armour)
rPois   ∞            x - +0 helmet
rElec   .            (no cloak)
rCorr   .            w - +0 pair of gloves
SInv    .            (boots unavailable)
Will    +....        (no amulet)
Stlth   ++           C - ring of ice
HPRegen 0.34/turn    (no ring)
MPRegen 0.00/turn

%: infuse magic (-10 HP)
@: flying
A: sickness immunity, fire resistance 2, cold vulnerability 1, float, innate
caster, HP casting, extra vitality 1
a: Renounce Religion, Minor Destruction, Lesser Servant of Makhleb


You were in a bailey.
You worshipped Makhleb.
Makhleb was most pleased with you.
You visited 2 branches of the dungeon, and saw 9 of its levels.
You also visited: Bailey.

You collected 512 gold pieces.


Innate Abilities, Weirdness & Mutations

You are immune to sickness and miasma.
You are immune to poison.
Your flesh is very heat resistant. (rF++)
You are vulnerable to cold. (rC-)
You float through the air rather than walking.
You learn spells naturally, not from books.
Your magical power is your life essence.
You have superior vitality. (+4 MHP)


   Skills:
 + Level 9.0 Fighting
 + Level 3.8 Armour
 - Level 8.0 Dodging
 - Level 1.5 Stealth
 + Level 8.8 Spellcasting


You knew the following spells:

 Your Spells              Type           Power      Damage    Failure   Level
a - Vhi's Electric Charg  Tloc/Air       92%        N/A       1%          3
b - Summon Ice Beast      Ice/Summ       62%        N/A       1%          4
f - Foxfire               Conj/Fire      100%       2x1d9     1%          1
n - Dispel Undead         Necr           46%        3d18      1%          4
r - Inner Flame           Hex/Fire       62%        N/A       1%          3
t - Static Discharge      Conj/Air       92%        2-6/arc   1%          2
z - Shock                 Conj/Air       100%       1d9       1%          1
X - Scorch                Fire           100%       2d9       1%          2
Y - Volatile Blastmotes   Fire/Tloc      100%       2d18      1%          3
Z - Flame Wave            Conj/Fire      62%        2d14      1%          4
Your spell library was empty.

Inventory:

Missiles
 k - 6 curare-tipped darts {=f}
 n - 3 throwing nets {=f}
Armour
 a - a +2 robe of the Archmagi
 i - a +2 robe of fire resistance
 w - a +0 pair of gloves (worn)
 x - a +0 helmet (worn)
Magical Staves
 v - a staff of fire (weapon) {!a}
Jewellery
 C - a ring of ice (left hand)
Wands
 o - a wand of polymorph (6)
 z - a wand of roots (7)
Scrolls
 b - 9 scrolls of teleportation {@r2}
 f - 2 scrolls of identify {@r1}
 h - a scroll of poison {unknown}
 l - 2 scrolls of noise {unknown}
 r - a scroll of fog
 s - a scroll of vulnerability
 u - a scroll of butterflies {unknown}
 y - a scroll of blinking {unknown}
 A - a scroll of brand weapon {unknown}
 B - a scroll of immolation {unknown}
Potions
 c - 4 potions of haste {@q3}
 d - a potion of mutation {unknown}
 e - 4 potions of lignification
 g - a potion of invisibility
 j - 2 potions of curing {@q1}
 m - a potion of magic {unknown}
 p - 2 potions of heal wounds {unknown}
 q - a potion of might
 t - a potion of resistance {unknown}
 D - a potion of experience

Dungeon Overview and Level Annotations

Branches:
Dungeon (8/15)             Temple (1/1) D:4            Lair (0/5) D:8
 Bailey (1/1)

Altars:
Ashenzari
Cheibriados
Dithmenos
Elyvilon
Fedhas
Gozag
Hepliaklqana
Makhleb
Nemelex Xobeh
Okawaru
Qazlal
Ru
Trog
Uskayaw
Wu Jian
Xom
Yredelemnul
Zin
The Shining One

Shops:
D:1 (

Annotations:
D:8 Maggie ..)....▒▒.......▒▒ ....)..▒..)......▒ ..▒▒88g88▒▒.........▒▒ ...▒▒▒g▒▒▒.....⌠))...▒ ..▒ ▒oo

▒▒.........▒▒ o.▒...
▒.........▒ .▒ ..
▒▒.......▒▒ .▒
▒.......▒ ▒ ▒▒...@.▒▒
▒ ▒▒▒▒o▒▒ ▒▒ ▒▒..§§.▒▒
.▒ ▒..§§§§.▒ .▒▒
▒▒.......▒▒ ..▒
▒...).....▒ ..▒▒
▒▒......)..▒▒
...▒▒▒▒▒▒▒.....⌠.....▒
..▒▒.....▒▒.........▒▒


You could see an orc warlord (combustible).


Message History

The flame wave engulfs the gnoll!
Makhleb accepts your kill.
You feel better.
The flame wave engulfs the goblin!
Makhleb accepts your kill.
You feel better. (Press . to intensify the flame waves.)
* * * LOW HITPOINT WARNING * * *
The goblin explodes!
The fiery explosion engulfs you! You resist.
* * * LOW HITPOINT WARNING * * *
The fiery explosion engulfs the orc warlord!
The orc warlord is lightly wounded.
The gnoll explodes!
The fiery explosion engulfs you! You resist.
* * * LOW HITPOINT WARNING * * *
The fiery explosion engulfs the orc warlord!!
The orc warlord is moderately wounded.
You are engulfed in blazing flames.
You resist.
* * * LOW HITPOINT WARNING * * *
The orc warlord is engulfed in blazing flames.
The orc warlord is engulfed in blazing flames.
Casting: Flame Wave (dangerous; 1% risk of failure)
Confirm with . or Enter, or press ? or * to list all spells.
You feel a surge of power!
Flames lash the orc warlord.
The orc warlord is heavily wounded.
The orc warlord's fire resistance burns away.
* * * LOW HITPOINT WARNING * * *
The orc warlord is engulfed in blazing flames.
The orc warlord hits you with a +4 broad axe!
You die...

Skill      XL: |  1  2  3  4  5  6  7  8  9 10 11 |
---------------+----------------------------------+-----
Fighting       | 1 2 3 4 5 6 8 9 |  9.0
Spellcasting   | 3 4 5 7 8 |  8.8
Dodging        | 6 8 |  8.0
Armour         | 2 3 |  3.8
Stealth        | |  1.5

Action                     |  1- 3 |  4- 6 |  7- 9 | 10-12 || total
---------------------------+-------+-------+-------+-------++-------
   Cast: Foxfire           |    69 |    56 |   175 |    98 ||   398
         Scorch            |    12 |    30 |    95 |    55 ||   192
         Flame Wave        |       |       |     5 |    16 ||    21
         Static Discharge  |       |       |     2 |       ||     2
         Inner Flame       |       |       |       |     9 ||     9
  Evoke: Wand              |       |     4 |       |       ||     4
    Use: Scroll            |       |       |       |     9 ||     9
         Potion            |       |       |       |     1 ||     1
 Armour: Robe              |     1 |     2 |     4 |     6 ||    13
  Dodge: Dodged            |     8 |     7 |    24 |    38 ||    77

Levels and vault maps discovered:
D:1:      minmay_arrival_solitary_statue, layout_rooms, serial_shops,
          nicolae_diamond_shop
D:2:      layout_loops_ring, basic_altar, minmay_octomino_j4
D:3:      layout_rooms, nicolae_overflow_ecumenical_swirl, serial_corexii_hall,
          corexii_hall_statues_x, corexii_hall_statues_t,
          ebering_ecumenical_altar_rust, serial_bayou_pond_d,
          hangedman_decor_peaks_small, uniq_grinder, uniq_natasha
D:4:      wander_river, layout_rooms, grunt_temple_overflow_open,
          vehumet_crystals, xom_confusion_cloud,
          lemuel_mausoleum_altar_kikubaaqudgha,
          minmay_temple_entry_statues_fountains, minmay_misc_feat_tiny
D:5:      layout_rooms, kennysheep_mini_moat, st_stairs_3, chequers_avenue
D:6:      layout_rooms, nicolae_yredelemnul_corpse_copse,
          pdpol_wu_jian_five_deadly_venoms, kennysheep_doodads, uniq_edmund,
          uniq_eustachio
D:7:      layout_basic, slow_altar_1
D:8:      layout_basic, erik_lair_orcish_takeover, enter_bailey_2,
          grunt_ministairs_14, kennysheep_minor_cross, uniq_psyche, uniq_maggie,
          uniq_grum
Temple:   dpeg_three_leaves_temple
Bailey:   bailey_axe_minmay_hex_keep, bailey

Notes
Turn   | Place    | Note
-------+----------+-------------------------------------------
     0 | D:1      | Jackthecabe the Djinni Fire Elementalist began the quest
                  | for the Orb.
     0 | D:1      | Jackthecabe set off with the following spells memorised:
                  | Foxfire, Scorch, Volatile Blastmotes, Inner Flame, Flame
                  | Wave.
     0 | D:1      | Reached XP level 1. HP: 15/15 MP: 0/0
    62 | D:1      | Reached skill level 1 in Fighting
    64 | D:1      | Reached XP level 2. HP: 15/22 MP: 0/0
   330 | D:1      | Found Revylag's Antique Weapon Boutique.
   334 | D:1      | Reached XP level 3. HP: 21/28 MP: 0/0
   334 | D:1      | Learned a level 1 spell: Shock
   337 | D:1      | Reached skill level 2 in Fighting
   822 | D:2      | Reached XP level 4. HP: 32/34 MP: 0/0
   938 | D:2      | Reached skill level 3 in Fighting
   938 | D:2      | Reached skill level 3 in Spellcasting
  1064 | D:2      | Found a hazy altar of Hepliaklqana.
  1129 | D:2      | Reached XP level 5. HP: 38/40 MP: 0/0
  1129 | D:2      | Learned a level 2 spell: Static Discharge
  1636 | D:3      | Noticed Natasha
  1641 | D:3      | Killed Natasha
  1776 | D:3      | Reached skill level 4 in Fighting
  1948 | D:3      | Found a faded altar of an unknown god.
  1951 | D:3      | Found a sparkling altar of Nemelex Xobeh.
  2036 | D:3      | Noticed Natasha
  2039 | D:3      | Killed Natasha
  2040 | D:3      | Reached XP level 6. HP: 42/48 MP: 0/0
  2115 | D:3      | Noticed Grinder
  2118 | D:3      | Paralysed by Grinder for 2 turns
  2120 | D:3      | Grinder changed into Grinder the chaos spawn
  2120 | D:3      | Noticed Grinder
  2126 | D:3      | HP: 3/48 [Grinder the chaos spawn (13)]
  2127 | D:3      | Killed Grinder the chaos spawn
  2128 | D:3      | Reached skill level 5 in Fighting
  2369 | D:3      | Noticed Natasha
  2373 | D:3      | Killed Natasha
  2494 | D:3      | Found a faded altar of an unknown god.
  2565 | D:4      | Reached XP level 7. HP: 50/54 MP: 0/0
  2565 | D:4      | Learned a level 3 spell: Vhi's Electric Charge
  2596 | D:4      | Found a staircase to the Ecumenical Temple.
  2641 | Temple   | Entered the Ecumenical Temple
  2861 | D:4      | Reached skill level 4 in Spellcasting
  2958 | D:4      | Found a shimmering altar of Xom.
  2966 | D:4      | Reached skill level 6 in Fighting
  3169 | D:4      | Reached XP level 8. HP: 19/62 MP: 0/0
  3468 | D:4      | Reached skill level 7 in Fighting
  3601 | D:4      | Found a stormy altar of Qazlal.
  3601 | D:4      | Found a blossoming altar of Fedhas.
  3601 | D:4      | Found a white marble altar of Elyvilon.
  3602 | D:4      | Found a sacrificial altar of Ru.
  3603 | D:4      | Found a burning altar of Makhleb.
  3614 | D:4      | Became a worshipper of Makhleb the Destroyer
  3804 | D:5      | Entered Level 5 of the Dungeon
  3976 | D:5      | Reached skill level 8 in Fighting
  3976 | D:5      | Reached skill level 5 in Spellcasting
  4323 | D:5      | Found a hazy altar of Hepliaklqana.
  4439 | D:5      | Reached XP level 9. HP: 62/70 MP: 0/0
  4439 | D:5      | Learned a level 4 spell: Summon Ice Beast
  4596 | D:6      | Reached skill level 3 in Dodging
  4596 | D:6      | Reached skill level 6 in Spellcasting
  4597 | D:6      | Noticed Eustachio
  4603 | D:6      | Noticed Edmund
  4605 | D:6      | Killed Eustachio
  4613 | D:6      | Killed Edmund
  4614 | D:6      | Reached skill level 4 in Dodging
  5080 | D:6      | Reached skill level 5 in Dodging
  5130 | D:6      | Reached * piety under Makhleb
  5253 | D:6      | Found an ornate altar of the Wu Jian Council.
  5260 | D:6      | Noticed a spectral centipede
  5393 | D:6      | Found a basalt altar of Yredelemnul.
  5398 | D:6      | Reached skill level 7 in Spellcasting
  5616 | D:7      | Found a snail-covered altar of Cheibriados.
  5620 | D:7      | Reached skill level 6 in Dodging
  5845 | D:7      | Reached XP level 10. HP: 70/76 MP: 0/0
  5880 | D:7      | Reached skill level 7 in Dodging
  6386 | D:8      | Reached skill level 8 in Dodging
  6386 | D:8      | Reached skill level 8 in Spellcasting
  6388 | D:8      | Reached ** piety under Makhleb
  6390 | D:8      | Reached skill level 1 in Armour
  6650 | D:8      | Found a staircase to the Lair.
  6652 | D:8      | Noticed a two-headed ogre
  6653 | D:8      | Noticed Maggie
  6657 | D:8      | Reached skill level 2 in Armour
  6845 | D:8      | Identified a +2 robe of the Archmagi
  6845 | D:8      | Noticed Psyche
  6849 | D:8      | Killed Psyche
  6869 | D:8      | Found a flagged portal.
  6872 | D:8      | Noticed Grum
  6882 | D:8      | Killed Grum
  6883 | D:8      | Reached XP level 11. HP: 38/82 MP: 0/0
  6883 | D:8      | Learned a level 4 spell: Dispel Undead
  6999 | Bailey   | Entered a bailey
  8014 | Bailey   | Reached skill level 3 in Armour
  8317 | Bailey   | Reached *** piety under Makhleb
  8502 | Bailey   | Reached skill level 9 in Fighting
  8547 | Bailey   | Noticed an orc warlord
  8637 | Bailey   | Mangled by an orc warlord

Vanquished Creatures
  Psyche (D:8)
  6 yaks (D:8)
  Grum (D:8)
  Eustachio (D:6)
  A chaos spawn (D:3)
  4 vampire mosquitoes (D:7)
  A steam dragon (D:5)
  2 wargs (D:8)
  Edmund (D:6)
  2 hornet zombies (D:6)
  A black bear (D:4)
  3 ice beasts
  A sky beast (D:7)
  2 wolves (D:8)
  4 ogres
  9 orc warriors
  A centaur (D:8)
  A bullfrog (D:6)
  3 scorpions
  3 wights (D:4)
  3 howler monkeys
  A centaur zombie (D:6)
  2 bullfrog zombies (D:6)
  2 orc priests (D:8)
  2 gnoll boudas
  A human zombie (D:4)
  4 jellies
  3 hounds
  3 iguanas (D:5)
  A scorpion zombie (D:4)
  7 orc wizards
  A sleepcap (D:6)
  Natasha (thrice) (D:3)
  5 hound zombies (D:4)
  2 mummies
  A howler monkey zombie (D:6)
  22 gnolls
  8 adders
  A white imp (D:6)
  An ufetubus (D:5)
  An adder zombie (D:4)
  5 dart slugs
  21 orcs
  8 ball pythons
  7 endoplasms
  3 giant cockroaches
  16 goblins
  19 hobgoblins
  10 jackals
  2 quokkas
  2 bats (D:1)
  5 frilled lizards
  6 kobolds
  6 rats
232 creatures vanquished.

Vanquished Creatures (collateral kills)
  2 foxfires (D:1)
2 creatures vanquished.

Vanquished Creatures (others)
  A howler monkey (D:4)
  696 foxfires
697 creatures vanquished.

Grand Total: 931 creatures vanquished

Table legend: (Time is in decaauts)
 A = Elapsed time spent in this place.
 B = Non-inter-level travel time spent in this place.
 C = Inter-level travel time spent in this place.
 D = Time resting spent in this place.
 E = Time spent auto-exploring this place.
 F = Levels seen in this place.
 G = Mean time per level.
                   A        B        C        D        E       F      G
               +--------+--------+--------+--------+--------+-----+--------+
         Total |   8634 |   8431 |    203 |   1784 |   5068 |  10 |  863.4 |
       Dungeon |   6883 |   6694 |    189 |    701 |   4767 |   8 |  860.4 |
        Temple |    113 |     99 |     14 |      0 |     91 |   1 |  113.0 |
        Bailey |   1637 |   1637 |      0 |   1083 |    210 |   1 | 1637.0 |
               +--------+--------+--------+--------+--------+-----+--------+

Top non-repeatable levels by time:
  Bailey: 1637 daAuts
     D:4: 1153 daAuts
     D:6: 1005 daAuts
     D:7: 930 daAuts
     D:3: 920 daAuts
     D:2: 855 daAuts
     D:5: 788 daAuts
     D:1: 759 daAuts
     D:8: 469 daAuts
  Temple: 113 daAuts

Table legend:
 A = Non-vault XP
 B = Vault XP
 C = Vault XP percentage of total XP
 D = Non-vault monster count
 E = Vault monster count
 F = Vault count percentage of total count
                 A         B        C        D         E       F
            +---------+---------+-------+---------+---------+-------
      Total |    5091 |    4087 |  44.5 |     143 |      89 |  38.4
            +---------+---------+-------+---------+---------+-------
        D:1 |      49 |       0 |   0.0 |      29 |       0 |   0.0
        D:2 |      94 |       6 |   6.0 |      16 |       2 |  11.1
        D:3 |     156 |     211 |  57.5 |      17 |       2 |  10.5
        D:4 |     336 |     447 |  57.1 |      17 |      19 |  52.8
        D:5 |     806 |     126 |  13.5 |      14 |       3 |  17.6
        D:6 |     710 |     757 |  51.6 |      18 |       8 |  30.8
        D:7 |    1333 |      16 |   1.2 |      15 |       1 |   6.2
        D:8 |    1607 |    1269 |  44.1 |      17 |      13 |  43.3
     Bailey |       0 |    1255 | 100.0 |       0 |      41 | 100.0
            +---------+---------+-------+---------+---------+-------
